AoeStats
← BKampen

Migration

508540873Analyzed
1v1 RM · 9d ago on Sep 22, 2026· 15m 53s· 2 players
Game mode
Random Map
Map size
132×132
Population
200
Speed
Normal
Resources
Standard
Victory
Conquest
Starting age
Dark Age
Ending age
Imperial Age
RankedLock teamsTeams togetherTeam positionsShared explorationLock speedFull tech treeHidden civsTurbo modeCheats
Victory
Defeat
🇦🇷 Teutons · Argentina
1040
+14
🇺🇸 Spanish · United States
1000
-42
BKampen
0:39 Loom
2:27 Loom
10:20 Feudal Age
10:46 Double-Bit Axe
11:04 Horse Collar
12:20 Wheelbarrow
12:04 Fishing Lines
a.perezmarchetta
4:45 Loom
12:40 Feudal Age
13:07 Double-Bit Axe
14:25 Wheelbarrow
14:35 Fishing Lines
Connection lost

Rejoining the realm…

Still unreachable

The connection could not be restored.

Session expired

The server has moved on; the page needs a fresh start.